 Dungeon Crawl Stone Soup version bcrawl-1.31.4 (webtiles) character file.

Game seed: 16302752708787867343

479557 Morbidden the Destroyer (level 13, 0/84 HPs)
             Began as a Fairy Conjurer on June 19, 2021.
             Was the Champion of Cheibriados.
             Engulfed by a cloud of freezing vapour (5 damage)
             ... in an ice cave.
             The game lasted 00:21:44 (12547 turns).

Morbidden the Destroyer (Fairy Conjurer)           Turns: 12547, Time: 00:21:44

Health: 0/84       AC: 11    Str: 24    XL:     13   Next: 24%
Magic:  15/30      EV: 29    Int: 35    God:    Cheibriados [******]
Gold:   292        SH: 25    Dex: 32    Spells: 25/35 levels left

rFire    . . .     SeeInvis .   a - +3 dagger (venom)
rCold    . . .     Gourm    .   z - +3 medium shield
rNeg     . . .     Faith    .   (armour unavailable)
rPois    .         Spirit   .   (no helmet)
rElec    +         Reflect  .   F - +0 cloak
rCorr    .         Harm     .   E - +0 pair of gloves {Dex+3}
MR       +....                  B - +1 pair of boots
Stlth    ++........             I - amulet "Xufriq" {Regen rElec Str+3 Int-3}
HPRegen  0.69/turn              d - ring of insulation
MPRegen  0.22/turn              (no ring)

@: very slow
A: small, magic attunement, unstealthy, unfitting armour, able to fly, AC/SH +7
a: Fly, Bend Time, Temporal Distortion, Slouch, Step From Time, Renounce
Religion


You were in an ice cave.
You worshipped Cheibriados.
Cheibriados was exalted by your worship.
You were hungry.

You visited 2 branches of the dungeon, and saw 13 of its levels.
You also visited: Ice Cave.

You collected 847 gold pieces.
You spent 555 gold pieces at shops.

Inventory:

Hand Weapons
 a - a +3 dagger of venom (weapon)
 v - a +0 long sword
Missiles
 q - 165 poisoned tomahawks (quivered)
 J - a throwing net {=f}
Armour
 f - a +2 pair of gloves of strength
 j - a +0 helmet
 z - a +3 medium shield (worn)
 B - a +1 pair of boots (worn)
 E - a +0 pair of gloves of dexterity (worn)
 F - a +0 cloak (worn)
Jewellery
 d - a ring of insulation (left hand)
 I - the amulet "Xufriq" (around neck) {Regen rElec Str+3 Int-3}
   (You bought it in a shop on level 9 of the Dungeon)

   [amulet of regeneration]

   It affects your strength (+3).
   It affects your intelligence (-3).
   It insulates you from electricity.
Wands
 y - a wand of iceblast (30)
 G - a wand of scattershot (5)
 M - a wand of enslavement (12)
Scrolls
 g - 8 scrolls of teleportation
 i - a scroll of identify
 k - 9 scrolls of remove curse
 l - a scroll of fog
 p - 4 scrolls of blinking
 r - a scroll of fear
 t - a scroll of enchant armour
 x - a scroll of enchant weapon
 H - a scroll of amnesia
Potions
 b - a potion of magic
 c - 3 potions of heal wounds
 h - 4 potions of might
 m - 2 potions of invisibility {unknown}
 n - 3 potions of curing {unknown}
 o - 2 potions of mutation {unknown}
 s - 2 potions of cancellation {unknown}
 u - a potion of haste
 w - 5 potions of berserk rage {unknown}
 A - 3 potions of degeneration {unknown}
 C - 2 potions of lignification {unknown}
 D - a potion of brilliance
Comestibles
 e - 21 rations {!d}


   Skills:
 * Level 6.5 Fighting
 + Level 4.6 Short Blades
 * Level 11.1 Dodging
 + Level 3.3 Stealth
 * Level 9.6 Shields
 * Level 11.9 Spellcasting
 * Level 12.2 Conjurations
 * Level 6.4 Transmutations
 * Level 6.0 Invocations


You had 25 spell levels left.
You knew the following spells:

 Your Spells              Type           Power        Failure   Level  Hunger
a - Iskenderun's Mystic   Conj           #######.     1%          3    None
b - Searing Ray           Conj           #######.     1%          2    None
d - Irradiate             Conj/Tmut      ######....   14%         5    None

Your spell library contained the following spells:

 Spells                   Type           Power        Failure   Level  Hunger
 Magic Dart               Conj           ####         1%          1    None
 Fulminant Prism          Conj/Hex       ######....   19%         4    None


Dungeon Overview and Level Annotations

Branches:
Dungeon (11/12)            Temple (0/1) D:6            Lair (2/6) D:9
    Orc (0/1) D:11
  Swamp: Lair:2-4    Shoals: Lair:2-4     Snake: Lair:2-4    Spider: Lair:2-4
 Vaults: D:11-12

Altars:
Cheibriados
Fedhas
Gozag
Nemelex Xobeh
Okawaru
Trog
The Shining One
Beogh

Shops:
D:4 }}   D:5 *   D:7 [   D:9 *   D:10 !


Innate Abilities, Weirdness & Mutations

Your spells do not cause hunger and MP costs are reduced by 1.
Your bright wings attract enemies. (Stealth-)
You cannot fit into any form of body armour.
Your shimmering scales are hard and can block incoming attacks. (AC +7, SH +7)
You are small and have problems with some larger weapons.
You can fly continuously.


Message History

The orb of energy hits the ice statue.
The ice statue is almost destroyed.
The orb of energy explodes!
The mystic blast hits the spriggan simulacrum!!
The spriggan simulacrum vapourises!
Cheibriados appreciates the change of pace.
You are engulfed in freezing vapours.
* * * LOW HITPOINT WARNING * * *
A troll simulacrum comes into view.
No path to travel!
Casting: Iskenderun's Mystic Blast (safe; 1% risk of failure)
Confirm with . or Enter, or press ? or * to list all spells.
Aiming: Iskenderun's Mystic Blast (safe; 1% risk of failure)
Press: ? - help, Shift-Dir - straight line, f/p - ice statue
Aim: an ice statue (almost destroyed)
The orb of energy hits the ice statue.
You destroy the ice statue!
Cheibriados appreciates the change of pace.
The orb of energy explodes!
You are engulfed in freezing vapours.
You die...

###### ######
##.##.###
##....######..°○@○.#
...#....##...#.##°°.#
..#####....##### ○^.#
### ###.## ..○.# .##
### Z....# ..###
.....# ....####
###.... .......# #...
.......#


You could see a troll simulacrum.

Vanquished Creatures
  A centaur warrior (D:11)
  A catoblepas (D:11)
  5 two-headed ogres
  A tengu warrior (D:11)
  An unseen horror (D:8)
  A wolf spider zombie (D:11)
  Pikel (D:8)
  An ugly thing (D:11)
  An ice statue (IceCv)
  A gargoyle (D:11)
  An elephant (D:9)
  A komodo dragon (D:10)
  10 freezing wraiths (IceCv)
  2 trolls
  3 hippogriffs
  A shadow (D:11)
  Eustachio (D:4)
  2 basilisks
  26 yaks
  Grum (D:8)
  2 vampire mosquitoes (D:11)
  2 death yak simulacra (IceCv)
  A hungry ghost (D:11)
  6 crocodiles
  A soldier ant (D:11)
  2 water moccasins
  5 orc warriors
  4 sky beasts
  7 ice beasts
  A slave (D:8)
  2 phantoms (D:10)
  An eye of draining (D:10)
  5 necrophages
  5 ogres
  8 wolves
  3 centaurs
  9 bullfrogs
  4 big kobolds
  A wyvern zombie (D:6)
  A water moccasin zombie (D:6)
  A scorpion (D:8)
  6 killer bees (D:8)
  9 wights
  3 howler monkeys
  7 electric eels
  7 crimson imps
  A quasit (D:6)
  2 bullfrog zombies
  13 hounds
  3 centaur zombies
  4 draconian simulacra (IceCv)
  2 orc priests (D:11)
  4 centaur skeletons
  A gnoll shaman (D:5)
  2 jellies
  A bullfrog skeleton (D:7)
  14 orc wizards
  6 worker ants
  4 iguanas
  2 polar bear simulacra (IceCv)
  3 spriggan simulacra (IceCv)
  A killer bee zombie (D:5)
  A hound skeleton (D:4)
  A howler monkey zombie (D:4)
  A worker ant zombie (D:4)
  12 gnolls
  2 howler monkey skeletons
  An ogre simulacrum (IceCv)
  8 adders
  2 naga simulacra (IceCv)
  5 shadow imps
  12 white imps (IceCv)
  2 oozes
  3 adder skeletons
  9 worms
  7 dart slugs
  3 leopard geckos
  38 orcs
  5 giant cockroaches
  3 goblins
  9 hobgoblins
  6 jackals
  28 kobolds
  8 quokkas
  A ball python (D:1)
  8 bats
  3 frilled lizards
  6 rats
412 creatures vanquished.

Vanquished Creatures (others)
  3 fungi (D:9)
  A plant (D:9)
4 creatures vanquished.

Grand Total: 416 creatures vanquished

Notes
Turn   | Place    | Note
-------+----------+-------------------------------------------
     0 | D:1      | Morbidden the Fairy Conjurer began the quest for the Orb.
     0 | D:1      | Reached XP level 1. HP: 11/11 MP: 6/6
    19 | D:1      | Reached skill level 5 in Conjurations
    82 | D:1      | Reached XP level 2. HP: 17/17 MP: 7/7
   107 | D:1      | Learned a level 2 spell: Searing Ray
   403 | D:1      | Reached XP level 3. HP: 11/22 MP: 0/9
   963 | D:1      | Reached skill level 1 in Fighting
  1460 | D:2      | Reached XP level 4. HP: 22/28 MP: 10/10
  1554 | D:2      | Learned a level 3 spell: Iskenderun's Mystic Blast
  1647 | D:2      | Found a glowing golden altar of the Shining One.
  1661 | D:2      | Reached skill level 6 in Conjurations
  2143 | D:3      | Noticed an ice beast
  2149 | D:3      | Killed an ice beast
  2150 | D:3      | Reached XP level 5. HP: 33/33 MP: 5/12
  2209 | D:3      | Found an opulent altar of Gozag.
  2211 | D:3      | Found a snail-covered altar of Cheibriados.
  2230 | D:3      | Became a worshipper of Cheibriados the Contemplative
  2277 | D:3      | Reached XP level 6. HP: 39/39 MP: 12/14
  2357 | D:3      | Reached skill level 1 in Short Blades
  2372 | D:3      | Learned a level 5 spell: Irradiate
  2492 | D:3      | Reached * piety under Cheibriados
  2872 | D:4      | Found Voted's Gadget Shop.
  2920 | D:4      | Reached skill level 5 in Spellcasting
  2957 | D:4      | Reached skill level 7 in Conjurations
  2973 | D:4      | Reached XP level 7. HP: 27/45 MP: 1/16
  3069 | D:4      | Found Laociall's Gadget Emporium.
  3130 | D:4      | Reached skill level 1 in Transmutations
  3474 | D:4      | Reached ** piety under Cheibriados
  3799 | D:4      | Found a blossoming altar of Fedhas.
  3877 | D:4      | Noticed Eustachio
  3888 | D:4      | Killed Eustachio
  3889 | D:4      | Reached skill level 8 in Conjurations
  3889 | D:4      | Reached XP level 8. HP: 51/51 MP: 12/20
  4148 | D:5      | Entered Level 5 of the Dungeon
  4332 | D:5      | Found Qatwux's Assorted Antiques.
  4346 | D:5      | Bought a shiny tourmaline ring for 140 gold pieces
  4387 | D:5      | Reached *** piety under Cheibriados
  4455 | D:5      | Reached skill level 1 in Invocations
  4502 | D:5      | Reached skill level 1 in Shields
  4561 | D:5      | Reached skill level 5 in Dodging
  4819 | D:5      | Reached XP level 9. HP: 55/55 MP: 18/22
  4867 | D:5      | Found a bloodstained altar of Trog.
  4867 | D:5      | Found an iron altar of Okawaru.
  5241 | D:6      | Found a staircase to the Ecumenical Temple.
  5647 | D:7      | Reached skill level 9 in Conjurations
  5689 | D:7      | Found Orchug's Armour Boutique.
  5873 | D:5      | Bought a pair of glowing gloves for 210 gold pieces
  5961 | D:7      | Reached **** piety under Cheibriados
  6674 | D:8      | Reached XP level 10. HP: 27/63 MP: 8/25
  6801 | D:8      | Reached skill level 10 in Conjurations
  6908 | D:8      | Found a sparkling altar of Nemelex Xobeh.
  6935 | D:8      | Reached ***** piety under Cheibriados
  7220 | D:8      | Noticed Grum
  7238 | D:8      | Killed Grum
  7337 | D:8      | Killed an unseen horror
  7654 | D:8      | Reached XP level 11. HP: 70/70 MP: 24/26
  7664 | D:8      | Reached skill level 5 in Shields
  7775 | D:8      | Noticed a two-headed ogre
  7778 | D:8      | Killed a two-headed ogre
  7779 | D:8      | Reached skill level 10 in Spellcasting
  7820 | D:8      | Noticed Pikel
  7821 | D:8      | Killed Pikel
  7822 | D:8      | Reached skill level 5 in Fighting
  7822 | D:8      | Reached skill level 5 in Transmutations
  8006 | D:9      | Noticed a two-headed ogre
  8009 | D:9      | Killed a two-headed ogre
  8230 | D:9      | Found Borph's Assorted Antiques.
  8246 | D:9      | Identified the +1 robe "Zakhim" {rF+ Dex+4}
  8283 | D:9      | Bought a glittering copper amulet for 145 gold pieces
  8284 | D:9      | Identified the amulet "Xufriq" {Regen rElec Str+3 Int-3}
                  | (You bought it in a shop on level 9 of the Dungeon)
  8367 | D:9      | Found a staircase to the Lair.
  8371 | D:9      | Reached ****** piety under Cheibriados
  8593 | D:9      | Found a sparkling altar of Nemelex Xobeh.
  8782 | D:10     | Entered Level 10 of the Dungeon
  9323 | D:10     | Found Vuteshocso's Distillery.
  9331 | D:10     | Bought a potion of heal wounds for 60 gold pieces
  9352 | D:10     | Reached skill level 11 in Conjurations
  9379 | D:10     | Noticed a two-headed ogre
  9382 | D:10     | Killed a two-headed ogre
  9383 | D:10     | Reached skill level 10 in Dodging
  9383 | D:10     | Reached XP level 12. HP: 77/77 MP: 21/28
  9878 | D:11     | Noticed a centaur warrior
 10098 | D:11     | Reached skill level 5 in Invocations
 10205 | D:11     | Noticed a two-headed ogre
 10207 | D:11     | Noticed a two-headed ogre
 10211 | D:11     | Killed a two-headed ogre
 10213 | D:11     | Killed a two-headed ogre
 10332 | D:11     | Killed a centaur warrior
 10664 | D:11     | Noticed a tengu warrior
 10670 | D:11     | Killed a tengu warrior
 10872 | D:11     | Noticed a catoblepas
 10878 | D:11     | Killed a catoblepas
 10997 | D:11     | Found a staircase to the Orcish Mines.
 11012 | D:11     | Found a roughly hewn altar of Beogh.
 11133 | Lair:1   | Entered Level 1 of the Lair of Beasts
 11983 | Lair:2   | Reached XP level 13. HP: 83/83 MP: 15/30
 12020 | Lair:2   | Found a frozen archway.
 12028 | IceCv    | Entered an ice cave
 12176 | IceCv    | Reached skill level 12 in Conjurations
 12391 | IceCv    | Found an ancient bone altar of Kikubaaqudgha.
 12546 | IceCv    | HP: 4/84 [ice statue] (14)]
 12547 | IceCv    | Engulfed by a cloud of freezing vapour

Skill      XL: |  1  2  3  4  5  6  7  8  9 10 11 12 13 |
---------------+----------------------------------------+-----
Conjurations   | 5 6 7 8 9 10 11 12 | 12.2
Dodging        | 3 4 5 6 7 10 11 | 11.1
Spellcasting   | 3 4 5 6 7 9 10 11 | 11.9
Fighting       | 1 2 4 5 6 |  6.5
Short Blades   | 1 2 3 4 |  4.6
Stealth        | 2 3 |  3.3
Transmutations | 1 2 3 4 5 6 |  6.4
Invocations    | 1 3 4 5 6 |  6.0
Shields        | 1 3 4 7 9 |  9.6

Action                   |  1- 3 |  4- 6 |  7- 9 | 10-12 | 13-15 || total
-------------------------+-------+-------+-------+-------+-------++-------
Melee: Dagger            |    49 |    19 |    92 |   343 |    10 ||   513
Throw: Tomahawk          |       |       |       |     4 |     1 ||     5
 Cast: Magic Dart        |    29 |    78 |   136 |     6 |       ||   249
       Searing Ray       |     8 |    20 |    31 |    24 |     1 ||    84
       Iskenderun's Myst |       |     4 |    27 |   218 |    61 ||   310
       Irradiate         |       |       |       |     3 |       ||     3
Invok: Slouch            |       |       |       |       |     2 ||     2
 Abil: Stop Flying       |       |     1 |       |       |       ||     1
  Use: Scroll            |     1 |     1 |     5 |    10 |       ||    17
 Stab: Sleeping          |       |       |     2 |     1 |       ||     3
       Distracted        |       |       |       |     1 |       ||     1
  Eat: Chunk             |     2 |     6 |     9 |    18 |     2 ||    37
       Ration            |       |       |       |     1 |       ||     1
Armor: Skin              |     8 |    14 |    26 |    34 |     2 ||    84
Dodge: Dodged            |    41 |    50 |   147 |   291 |     8 ||   537
Block: Other             |     8 |    17 |    44 |    36 |       ||   105
       Medium shield     |       |       |       |   375 |    18 ||   393
